 Dungeon Crawl Stone Soup version 0.17.0-28-g6e173f8 (webtiles) character file.

102 Peloso the Shield-Bearer (level 4, -1/41 HPs)
             Began as a Minotaur Fighter on Nov 30, 2015.
             Killed by nerve-wracking pain
             ... invoked by Grinder
              (11 damage)
             ... on level 3 of the Dungeon.
             The game lasted 00:03:34 (2113 turns).

Peloso the Shield-Bearer (Minotaur Fighter)         Turns: 2113, Time: 00:03:34

Health: -1/41      AC: 12    Str: 26    XL:     4   Next: 49%
Magic:  3/3        EV:  5    Int:  5    God:
Gold:   211        SH: 10    Dex: 10    Spells: 0 memorised, 3 levels left

rFire  . . .     SeeInvis .     a - +0 long sword
rCold  . . .     Clarity  .     i - +0 plate armour
rNeg   . . .     SustAt   .     c - +0 shield
rPois  .         Gourm    .     (helmet restricted)
rElec  .         Spirit   .     (no cloak)
rCorr  .         Warding  .     (no gloves)
rMut   .         Stasis   .     (no boots)
MR     .....                    (no amulet)
Stlth  ..........               (no ring)
                                (no ring)

@: mighty, not resistant to hostile enchantments, extremely unstealthy
A: retaliatory headbutt, horns 2
a: no special abilities


You were on level 3 of the Dungeon.
You were not hungry.

You visited 1 branch of the dungeon, and saw 3 of its levels.

You collected 211 gold pieces.

Inventory:

Hand Weapons
 a - a +0 long sword (weapon)
Armour
 b - a +0 scale mail
 c - a +0 shield (worn)
 i - a +0 plate armour (worn)
Jewellery
 r - an uncursed amulet of rage {unknown}
Scrolls
 f - 3 scrolls of identify {unknown}
 h - 3 scrolls of noise {unknown}
 l - 2 scrolls of fear {unknown}
 n - 2 scrolls of teleportation {unknown}
 o - a scroll of enchant weapon {unknown}
 p - a scroll of recharging {unknown}
 q - 2 scrolls of remove curse {unknown}
 s - 2 scrolls of amnesia {unknown}
Potions
 d - 4 potions of might
 g - a potion of mutation {unknown}
 j - a potion of curing {unknown}
 t - a potion of poison {unknown}
Comestibles
 e - 6 bread rations
 k - 2 slices of pizza
 m - 2 beef jerkies


   Skills:
 + Level 4.4 Fighting
 + Level 3.3 Long Blades
 + Level 4.4 Armour
 + Level 0.2 Dodging
 + Level 0.1 Stealth
 + Level 4.6 Shields


You had 3 spell levels left.
You didn't know any spells.

Dungeon Overview and Level Annotations

Branches:
Dungeon (3/15)

Altars:
Kikubaaqudgha
Qazlal

Annotations:
D:3 Grinder


Innate Abilities, Weirdness & Mutations

You reflexively headbutt those who attack you in melee.
You have a pair of horns on your head.


Message History

You hit Grinder.
Grinder is moderately wounded.
You block Grinder's attack.
Your shield and plate armour prevent you from hitting Grinder.
Grinder is moderately wounded.
Grinder hits you.
* * * LOW HITPOINT WARNING * * *
You writhe in agony.
* * * LOW HITPOINT WARNING * * *
Grinder gestures.
Grinder blinks!
Drink which item? (? for menu, Esc to quit)
You feel very mighty all of a sudden.
Grinder gestures.
Grinder blinks!
You barely miss Grinder. You headbutt Grinder!
Grinder is heavily wounded.
Grinder gestures at you. Pain shoots through your body!
You die...

..######...# .# #
..#####...## # #
...........# # #.##.##....#
# #.##.###.#.# # ..##.#
#.#.# # #.##.# #...# #
#.##.###.#.########.#
########
................@5..#
#.......
#....>.....##########
#.####.# ####.##.##.# #.#
#..
#.##.##.###############.#
#.# #
#.......................#
#..
#######.##.##########.####.#
##. .#.........# #.# ##.# #.
#..####.#### ##.###..#####.
##......# #..##........รท


You could see Grinder.

Vanquished Creatures
  A worker ant (D:3)
  A hound skeleton (D:3)
  An adder (D:2)
  2 oozes
  2 worms
  3 giant geckos
  2 orcs (D:3)
  A ball python (D:3)
  8 bats
  A giant cockroach (D:3)
  3 goblins
  6 hobgoblins
  3 kobolds
  A quokka (D:3)
  2 giant newts
  5 rats
42 creatures vanquished.

Notes
Turn   | Place    | Note
--------------------------------------------------------------
     0 | D:1      | Peloso the Minotaur Fighter began the quest for the Orb.
     0 | D:1      | Reached XP level 1. HP: 19/19 MP: 0/0
   183 | D:1      | Reached XP level 2. HP: 25/27 MP: 1/1
   476 | D:1      | Reached skill level 4 in Fighting
   907 | D:2      | Reached XP level 3. HP: 26/33 MP: 2/2
   932 | D:2      | Found an ancient bone altar of Kikubaaqudgha.
  1528 | D:3      | Found a stormy altar of Qazlal.
  1553 | D:3      | Reached XP level 4. HP: 20/41 MP: 3/3
  2099 | D:3      | Noticed Grinder
  2113 | D:3      | Killed from afar by Grinder

Action                   |  1- 3 |  4- 6 || total
-------------------------+-------+-------++-------
Melee: Long sword        |    80 |    47 ||   127
  Use: Potion            |       |     1 ||     1
  Eat: Chunk             |     1 |     3 ||     4
